 Dungeon Crawl Stone Soup version 0.27.1-33-g824d729ab1 (webtiles) character file.

Game seed: 3207973569076072376

7156 alasdair19 the Carver (level 10, 0/89 HPs)
             Began as a Minotaur Fighter on Dec 29, 2021.
             Was a Priest of Okawaru.
             Slain by a two-headed ogre (23 damage)
             ... on level 9 of the Dungeon on Dec 30, 2021.
             The game lasted 00:33:21 (9501 turns).

alasdair19 the Carver (Minotaur Fighter)            Turns: 9501, Time: 00:33:21

Health: 0/89       AC: 15    Str: 23    XL:     10   Next: 86%
Magic:  12/12      EV:  7    Int:  6    God:    Okawaru [***...]
Gold:   163        SH: 11    Dex:  6    Spells: 9/9 levels left

rFire    + . .     SeeInvis .   e - +1 falchion
rCold    x . .     Faith    .   c - +0 kite shield
rNeg     + . .     Spirit   .   C - +0 chain mail
rPois    +         Reflect  .   A - +1 hat
rElec    .         Harm     .   (no cloak)
rCorr    .         Rampage  .   f - +0 pair of gloves
Will     +++..                  G - +0 pair of boots
Stlth    ..........             t - amulet of regeneration
HPRegen  1.24/turn              m - ring of flight
MPRegen  0.13/turn              g - ring of Secatien {Fire rPois rN+ Will+++ Dex-4}

@: flying
A: horns 2, retaliatory headbutt
a: Renounce Religion, Heroism


You were on level 9 of the Dungeon.
You worshipped Okawaru.
Okawaru was most pleased with you.
You visited 2 branches of the dungeon, and saw 10 of its levels.
You also visited: Bailey.

You collected 163 gold pieces.

Inventory:

Hand Weapons
 e - a +1 falchion (weapon)
 q - a +0 hunting sling
 F - a +4 short sword
Missiles
 b - 26 sling bullets
Armour
 c - a +0 kite shield (worn)
 f - a +0 pair of gloves (worn)
 z - a +0 chain mail
 A - a +1 hat (worn)
 C - a +0 chain mail (worn)
 G - a +0 pair of boots (worn)
Jewellery
 g - the ring of Secatien (right hand) {Fire rPois rN+ Will+++ Dex-4}
   (You acquired it on level 9 of the Dungeon)

   [ring of fire]

   It enhances your fire magic.
   Dex:       It affects your dexterity (-4).
   rF:        It protects you from fire.
   rC:        It makes you vulnerable to cold.
   rPois:     It protects you from poison.
   rN:        It protects you from negative energy.
   Will:      It greatly increases your willpower.
 i - a +6 ring of intelligence
 m - a ring of flight (left hand)
 t - an amulet of regeneration (around neck)
Wands
 l - a wand of paralysis (6)
 o - a wand of polymorph (4)
 w - a wand of digging (5)
Scrolls
 h - 9 scrolls of enchant weapon
 p - 2 scrolls of magic mapping
 s - 2 scrolls of amnesia
 u - a scroll of silence {unknown}
 y - 2 scrolls of blinking {unknown}
 I - a scroll of fog {unknown}
 K - a scroll of teleportation
Potions
 a - 3 potions of lignification
 d - a potion of might
 j - a potion of attraction {unknown}
 k - 4 potions of mutation {unknown}
 n - a potion of brilliance {unknown}
 r - 2 potions of cancellation {unknown}
 v - 2 potions of degeneration {unknown}
 x - 3 potions of flight {unknown}
 B - a potion of magic {unknown}
 D - a potion of ambrosia {unknown}
 E - 2 potions of experience {unknown}
 H - a potion of invisibility {unknown}
 J - a potion of curing {unknown}


   Skills:
 + Level 8.3 Fighting
 + Level 10.7 Long Blades
 + Level 3.9 Slings
 + Level 10.1 Armour
 - Level 2.3 Dodging
 - Level 0.7 Stealth
 + Level 9.3 Shields
 - Level 1.0 Unarmed Combat
 * Level 5.0 Invocations
 - Level 0.3 Evocations


You had 9 spell levels left.
You didn't know any spells.
Your spell library contained the following spells:

 Spells                   Type           Power      Damage    Failure   Level
 Freeze                   Ice            0%         1d3       99%         1
 Passwall                 Tmut/Erth      0%         N/A       100%        2
 Frozen Ramparts          Ice            0%         1d2       100%        3
 Portal Projectile        Hex/Tloc       0%         N/A       100%        3
 Swiftness                Air            0%         N/A       100%        3
 Cause Fear               Hex            0%         N/A       100%        4
 Hailstorm                Conj/Ice       0%         3d3       100%        4
 Blade Hands              Tmut           0%         N/A       100%        5
 Excruciating Wounds      Necr           0%         N/A       100%        5
 Invisibility             Hex            0%         N/A       100%        6
 Dragon Form              Tmut           0%         N/A       100%        7
 Dragon's Call            Summ           0%         N/A       100%        9


Dungeon Overview and Level Annotations

Branches:
Dungeon (9/15)             Temple (1/1) D:7            Lair (0/6) D:9
 Bailey (visited)
    Orc: D:9-12

Altars:
Ashenzari
Cheibriados
Dithmenos
Elyvilon
Fedhas
Gozag
Hepliaklqana
Kikubaaqudgha
Makhleb
Nemelex Xobeh
Okawaru
Qazlal
Sif Muna
Trog
Uskayaw
Vehumet
Wu Jian
Xom
Yredelemnul
Zin

Shops:
D:7 *

Annotations:
D:8 Maurice


Innate Abilities, Weirdness & Mutations

You have a pair of horns on your head.
You reflexively headbutt those who attack you in melee.


Message History

The two-headed ogre is lightly wounded.
You completely miss the two-headed ogre.
The two-headed ogre is lightly wounded.
The two-headed ogre hits you with a +0 giant club!!
You block the two-headed ogre's attack.
You hit the two-headed ogre but do no damage.
The two-headed ogre is lightly wounded.
The two-headed ogre hits you with a +0 giant club!
You block the two-headed ogre's attack.
You hit the two-headed ogre but do no damage.
Your headbutt misses the two-headed ogre.
The two-headed ogre is lightly wounded.
You hit the two-headed ogre.
The two-headed ogre is lightly wounded.
You block the two-headed ogre's attack.
The two-headed ogre hits you with a +0 giant spiked club!
You hit the two-headed ogre.
The two-headed ogre is lightly wounded.
The two-headed ogre hits you with a +0 giant club!
The two-headed ogre hits you with a +0 giant spiked club!
* * * LOW HITPOINT WARNING * * *
You slash the two-headed ogre!
The two-headed ogre is moderately wounded.
You slash the two-headed ogre!
The two-headed ogre is heavily wounded.
The two-headed ogre completely misses you.
The two-headed ogre barely misses you.
You hit the two-headed ogre.
The two-headed ogre is severely wounded.
The two-headed ogre barely misses you.
You riposte.
You hit the two-headed ogre but do no damage.
The two-headed ogre is severely wounded.
You block the two-headed ogre's attack.
Your chain mail prevents you from hitting the two-headed ogre.
The two-headed ogre is severely wounded.
You hit the two-headed ogre. You headbutt the two-headed ogre!
The two-headed ogre is almost dead.
You block the two-headed ogre's attack.
The two-headed ogre hits you with a +0 giant spiked club!!
You die...

## ### .# #.# .#
######.# .#
#....#.##### .#
#.#..#......
.#########
#####.#..#.#####
.........#
######...)........# #
.........#
#.YO@..###.#.##.#.###
.........# ##.##..#
#...##.#....
.........# #.<#..#
######.###.#
'######### #..#..#
#.#<... .# #..#..#
###.#...# .# #..#..#
#.#.#.#.# .#
#..#..######.#.#.#.#
.#
#..#.............#.#
.#
#..#.#########...#.#


You could see a two-headed ogre and a yak.

Vanquished Creatures
  Pikel (D:4)
  An orc knight (Bailey)
  Joseph (D:8)
  Sigmund (D:6)
  8 yaks (D:9)
  2 wyverns (D:9)
  A basilisk (D:9)
  Grum (D:9)
  Edmund (D:5)
  4 water moccasins
  8 orc warriors
  A hornet zombie (D:9)
  A sky beast (D:6)
  4 ice beasts
  A black bear (D:6)
  3 wolves (D:9)
  A centaur (D:9)
  A kobold brigand (D:7)
  A lemure (D:4)
  Blork the orc (D:6)
  6 bullfrogs
  5 scorpions
  3 killer bees (D:9)
  A bullfrog zombie (D:5)
  2 jellies
  2 centaur zombies
  6 orc priests
  A bullfrog skeleton (D:7)
  2 gnoll shamans
  2 iguanas
  3 orc wizards
  2 killer bee zombies
  A howler monkey zombie (D:9)
  9 adders
  A howler monkey skeleton (D:6)
  7 gnolls
  A shadow imp (D:6)
  2 dart slugs
  A worm (D:2)
  49 orcs
  4 bats
  7 endoplasms
  A giant cockroach (D:3)
  8 goblins
  8 hobgoblins
  7 kobolds
  2 quokkas (D:1)
  3 ball pythons
  2 frilled lizards
  7 rats
198 creatures vanquished.

Vanquished Creatures (others)
  A bush (D:9)
  2 fungi (D:9)
  8 plants
11 creatures vanquished.

Grand Total: 209 creatures vanquished

Notes
Turn   | Place    | Note
-------+----------+-------------------------------------------
     0 | D:1      | alasdair19 the Minotaur Fighter began the quest for the
                  | Orb.
     0 | D:1      | Reached XP level 1. HP: 19/19 MP: 0/0
   271 | D:1      | Reached XP level 2. HP: 27/27 MP: 1/1
   310 | D:1      | Found a faded altar of an unknown god.
  1023 | D:2      | Reached XP level 3. HP: 33/33 MP: 2/2
  2035 | D:3      | You fall into a shaft and drop 1 floor!
  2277 | D:4      | Found a bloodstained altar of Trog.
  2291 | D:4      | Reached XP level 4. HP: 41/41 MP: 3/3
  2501 | D:4      | Reached skill level 1 in Dodging
  2774 | D:3      | Reached XP level 5. HP: 45/47 MP: 4/4
  3091 | D:4      | Noticed a lemure
  3091 | D:4      | Noticed a lemure
  3091 | D:4      | Noticed a lemure
  3092 | D:4      | Noticed Pikel
  3094 | D:4      | Noticed a lemure
  3098 | D:4      | Killed a lemure
  3125 | D:4      | Killed Pikel
  3126 | D:4      | Reached skill level 5 in Fighting
  3126 | D:4      | Reached skill level 5 in Long Blades
  3126 | D:4      | Reached skill level 5 in Armour
  3126 | D:4      | Reached skill level 5 in Shields
  3126 | D:4      | Reached XP level 6. HP: 17/56 MP: 5/5
  3126 | D:4      | Reached XP level 7. HP: 18/61 MP: 6/6
  3475 | D:5      | Entered Level 5 of the Dungeon
  3537 | D:5      | Found a stormy altar of Qazlal.
  3539 | D:5      | Noticed an air elemental
  3540 | D:5      | Noticed a water elemental
  3540 | D:5      | Noticed a fire elemental
  3832 | D:5      | Noticed Edmund
  3848 | D:5      | Killed Edmund
  3849 | D:5      | Reached XP level 8. HP: 57/69 MP: 7/7
  4322 | D:6      | Noticed Sigmund
  4349 | D:6      | Killed Sigmund
  4430 | D:6      | Noticed Blork the orc
  4441 | D:6      | Killed Blork the orc
  4874 | D:6      | Reached skill level 1 in Unarmed Combat
  4874 | D:6      | Reached XP level 9. HP: 78/78 MP: 8/8
  5125 | D:7      | Found the amulet of the Air {Inacc Air Fly rElec RMsl}
  5148 | D:7      | Found an ornate altar of the Wu Jian Council.
  5202 | D:7      | Found a staircase to the Ecumenical Temple.
  5239 | Temple   | Entered the Ecumenical Temple
  5303 | Temple   | Became a worshipper of Warmaster Okawaru
  5336 | D:7      | Found a basalt altar of Yredelemnul.
  6365 | D:7      | Found Irulip's Assorted Antiques.
  6567 | D:8      | Noticed Maurice
  6573 | D:8      | Paralysed by something for 5 turns
  6590 | D:8      | Paralysed by something for 6 turns
  6771 | D:8      | Noticed Joseph
  6788 | D:8      | Killed Joseph
  6788 | D:8      | Reached * piety under Okawaru
  6876 | D:8      | Found an ancient bone altar of Kikubaaqudgha.
  7881 | D:9      | Found a shimmering blue altar of Sif Muna.
  8002 | D:9      | Found a flagged portal.
  8023 | Bailey   | Entered a bailey
  8144 | Bailey   | Reached XP level 10. HP: 71/86 MP: 9/9
  8233 | Bailey   | Noticed an orc knight
  8349 | Bailey   | Killed an orc knight
  8349 | Bailey   | Reached ** piety under Okawaru
  8350 | Bailey   | Reached skill level 1 in Invocations
  8435 | Bailey   | Reached skill level 10 in Long Blades
  8460 | Bailey   | Noticed an orc knight
  8520 | Bailey   | HP: 3/88 [orc knight (24)]
  8533 | D:9      | Acquired the ring of Secatien {Fire rPois rN+ Will+++
                  | Dex-4}
  9192 | D:9      | Noticed Grum
  9217 | D:9      | Killed Grum
  9227 | D:9      | Reached *** piety under Okawaru
  9341 | D:9      | Reached skill level 10 in Armour
  9367 | D:9      | Noticed a two-headed ogre
  9491 | D:9      | Reached skill level 5 in Invocations
  9501 | D:9      | Slain by a two-headed ogre

Illustrated notes

Levels and vault maps discovered:
D:1:      ebering_hopf_link, layout_basic, shapermc_ecumenical_altar_petra,
          chequers_big_river
D:2:      layout_basic, feat_on_display
D:3:      layout_rooms
D:4:      layout_loops_cross, general_overflow_altar, minivault_4, uniq_pikel
D:5:      layout_loops_cross, nicolae_qazlal_style_of_elements,
          minmay_misc_feat_x, hangedman_abyss_or_decor_lesser_grid, uniq_edmund
D:6:      layout_loops_ring, uniq_blork_the_orc, uniq_sigmund
D:7:      layout_basic, nicolae_wu_jian_wuxing_cycle, yredelemnul_altar_generic,
          minmay_temple_entry_arrows, serial_shops, kennysheep_mini_moat
D:8:      layout_layer_cave, old_standard_altar, uniq_maurice, uniq_joseph
D:9:      layout_basic, mainiacjoe_overflow_small_starburst,
          minmay_lair_entry_grove, enter_bailey_5,
          chequers_serial_rivers_micro_e, uniq_grum
Temple:   nicolae_temple_great_sept

Skill      XL: |  1  2  3  4  5  6  7  8  9 10 |
---------------+-------------------------------+-----
Shields        | 4 5 7 8 9 |  9.3
Armour         | 4 5 6 7 9 10 | 10.1
Fighting       | 4 5 6 7 8 |  8.3
Long Blades    | 3 5 6 8 9 10 | 10.7
Dodging        | 1 2 |  2.3
Slings         | 2 3 |  3.9
Unarmed Combat | 1 |  1.0
Invocations    | 5 |  5.0
Stealth        | |  0.7
Evocations     | |  0.3

Action                   |  1- 3 |  4- 6 |  7- 9 | 10-12 || total
-------------------------+-------+-------+-------+-------++-------
Melee: Long sword        |    52 |       |       |       ||    52
       Headbutt          |    12 |    19 |    88 |    49 ||   168
       Falchion          |    18 |    73 |   397 |   290 ||   778
       Unarmed           |       |       |     8 |       ||     8
 Fire: Hunting sling     |     2 |    10 |    34 |     9 ||    55
Invok: Heroism           |       |       |     1 |     3 ||     4
Evoke: Wand              |       |       |     4 |     1 ||     5
  Use: Scroll            |     4 |     1 |     5 |     1 ||    11
       Potion            |       |       |     2 |     8 ||    10
Armor: Scale mail        |    28 |    21 |    42 |       ||    91
       Chain mail        |       |       |   137 |    74 ||   211
       Skin              |       |       |     4 |       ||     4
Dodge: Dodged            |    19 |    15 |   126 |    81 ||   241
Block: Kite shield       |    36 |    35 |   253 |   146 ||   470
       Rpst.: Long sword |     5 |       |       |       ||     5
       Falchion          |     1 |     5 |    32 |    18 ||    56
